Croesus, chaotic male elven Ranger -------- -- |......| |. ----- #..<....| |... ##....| ###`############ #-------- |..... # |....#########-------------###### # |[..).)D@#d# |.[.| |`.........`-######---------# # |..... |...-##### |.....`.....|# ##|*.......# # ------ |..^| # |...-.---...|# ##........|# # ----- ### |...|.{.|...|# #|..>....|# # # |..`|{.{|`..|# #|.......|# # ###|...|.{.|....######|.......|# # ## #....-----...|# |.......|##`####[` # # |.....`.....|# -.-------# # -.-+-# ### |`.........`|# ###|...|# # -------------# #-...-# ##################### |..)| |...| |...| ----- Croesus the Trailblazer Experience level: 7 Strength: 18 Dexterity: 12 Constitution: 15 Intelligence: 11 Wisdom: 15 Charisma: 8 Health: 0(76) Energy: 77(77) Def: 13 Gold: 1510 Moves: 5709 Dungeon seed: -RYV72oGrG8g1zZx Game ID: Croesus_1560863839 Your Inventory: Weapons d - an uncursed +1 elven dagger (alternate weapon; not wielded) e - an uncursed +1 elven bow (weapon in hand) i - an uncursed +0 knife m - 11 uncursed +0 shuriken t - 3 cursed -2 darts (in quiver) C - 10 uncursed +0 daggers E - 6 uncursed +0 orcish daggers G - 9 uncursed +0 crossbow bolts of fire J - an uncursed +2 orcish dagger W - a cursed +0 orcish dagger Armor b - a blessed +2 elven cloak n - an uncursed +0 orcish helm (being worn) v - an uncursed +0 pair of kicking boots (being worn) K - an uncursed +0 cloak of protection (being worn) Z - a blessed +4 scale mail (being worn) Comestibles f - 4 uncursed lembas wafers H - an uncursed melon I - an uncursed partly eaten food ration P - 2 uncursed mangos S - an uncursed food ration U - an uncursed egg V - an uncursed female lizard corpse Scrolls g - a cursed scroll of confuse monster B - an uncursed scroll of teleportation Potions s - an uncursed potion of restore ability u - an uncursed potion of hallucination A - a potion of unholy water L - 2 uncursed potions of paralysis Rings l - an uncursed ring of warning Wands M - an uncursed wand of make invisible (0:5) O - an uncursed wand of digging (0:0) Q - a cursed wand of magic missile (0:3) Tools x - an uncursed +0 pick-axe T - an uncursed bugle X - 11 uncursed tallow candles (0:200) Gems q - an uncursed worthless piece of green glass y - 2 uncursed worthless pieces of yellowish brown glass z - an uncursed worthless piece of yellow glass D - 2 uncursed worthless pieces of black glass N - an uncursed aquamarine stone R - an uncursed worthless piece of blue glass Y - an uncursed worthless piece of violet glass Coins $ - 1510 gold pieces Spells and supernatural/magical abilities: Name Level Category Cost Memory d - dig 2 matter 2000pw 95% W - pray for help -- divine ? -- Your skills at the end: Fighting Skills wands [Basic] Weapon Skills dagger [Basic] bow [Expert] Spellcasting Skills Final Attributes: You were piously aligned. You were cold resistant. You were immune to sleep. You saw invisible. You had automatic searching. You had infravision. You were stealthy. You were protected. You were lucky. Mars was noncommittal. You are dead. Vanquished creatures: a black naga a winter wolf 4 wolves 2 winter wolf cubs an iron piercer 3 vampire bats an owlbear a werewolf 2 lizards a jaguar a dwarf lord a dust vortex a snake an ape a human zombie 7 bugbears 4 wood nymphs a water nymph a rock mole a yellow light a shrieker 8 gnome lords 2 gray oozes 4 giant ants a little dog a floating eye a dwarf a kobold lord 15 hill orcs a rabid rat 3 giant bats 2 dwarf zombies 2 wererats 3 iguanas an acid blob 3 large kobolds 8 hobgoblins 4 giant rats 3 yellow molds a green mold a red mold 4 gnomes 2 garter snakes 3 geckos 9 jackals 5 foxes a kobold 3 goblins 2 sewer rats 7 grid bugs a bat a lichen 4 newts 144 creatures vanquished. Voluntary challenges: You were an atheist. You used a wielded weapon 92 times, starting on turn 189. You read items or engraved 6 times, starting on turn 2303. You never genocided any monsters. You never polymorphed an object. You never changed form. You used no wishes. You never split a pudding. You never wrote Elbereth's name. You never violated your personal moral code. Dungeon overview: The Dungeons of Doom: levels 1 to 10 Level 1 some fountains a long staircase Level 2 a fountain, a vault Level 3 a fountain a long staircase Level 4 a fountain Level 5 a fountain Level 6 some fountains Level 7 some fountains, a sink Level 8 a fountain Level 9 <- You were here many fountains Level 10 History has recorded: On T:1 you entered the Dungeons of Doom to retrieve the Amulet of Yendor! On T:487 you advanced to experience level 2. On T:597 you reached level 2 of The Dungeons of Doom. On T:1001 you reached level 3 of The Dungeons of Doom. On T:1063 you advanced to experience level 3. On T:1452 you reached level 5 of The Dungeons of Doom. On T:1915 you advanced to experience level 4. On T:2045 you advanced to experience level 5. On T:2194 you advanced to experience level 6. On T:2514 you reached level 6 of The Dungeons of Doom. On T:2887 you reached level 7 of The Dungeons of Doom. On T:3869 you advanced to experience level 7. On T:4047 you reached level 8 of The Dungeons of Doom. On T:4803 you reached level 9 of The Dungeons of Doom. On T:5421 you reached level 10 of The Dungeons of Doom. Score breakdown: Gold: 1510 (10814 points) Experience: 7 levels (13645 points) Exploration: 10 levels ( 18.87%) (12480 points) Discoveries: 9 items ( 3.05%) ( 5240 points) Valuables value: (no points given unless you survive) Artifact value: 0 ( 0 points) Variety of kills: 53 monsters ( 13.95%) (11203 points) Turncount: 5709 turns (-1550 points) Survival: died (score multiplied by 80%) Total score: 41465 Latest messages: The dart misses the yellow dragon. The yellow dragon misses. The yellow dragon hits! The yellow dragon misses. You throw 2 darts. The dart slips as you throw it! The 2nd dart hits the yellow dragon. Sirius moves only reluctantly. The yellow dragon bites! The yellow dragon hits! The yellow dragon misses. The yellow dragon bites! The yellow dragon misses. (2x) The dart misses the yellow dragon. Sirius moves only reluctantly. The yellow dragon misses. The yellow dragon hits! The yellow dragon just misses! The yellow dragon misses. The yellow dragon hits! You die... Final status: Goodbye Croesus the Ranger, killed by a yellow dragon... You died in The Dungeons of Doom on dungeon level 9 with 41465 points, and 1510 pieces of gold, after 5709 moves. You were level 7 with a maximum of 76 hit points when you died.